 Dungeon Crawl Stone Soup version 0.23-a0-844-gdc03e01 (webtiles) character file.

6945 poirepourri the Severer (level 10, 0/81 HPs)
             Began as a Deep Dwarf Fighter on Jan 27, 2019.
             Was a Believer of Makhleb.
             Slain by a yak (4 damage)
             ... on level 9 of the Dungeon.
             The game lasted 00:07:08 (4569 turns).

poirepourri the Severer (Deep Dwarf Fighter)        Turns: 4569, Time: 00:07:08

Health: 0/81       AC:  8    Str: 21    XL:     10   Next: 80%
Magic:  0/2        EV:  7    Int:  8    God:    Makhleb [**....]
Gold:   413        SH: 11    Dex: 15    Spells: 9/9 levels left

rFire    x . .     SeeInvis +   a - +1 war axe
rCold    + . .     Gourm    .   c - +2 shield
rNeg     . . .     Faith    .   b - +0 scale mail
rPois    .         Spirit   +   i - +0 helmet
rElec    .         Reflect  .   j - scarf {Spirit}
rCorr    .         Harm     .   (no gloves)
MR       +....                  (no boots)
Stlth    ..........             (no amulet)
HPRegen  0.00/turn              q - ring of ice
MPRegen  0.08/turn              (no ring)

@: non-regenerating
A: damage resistance, heal wounds, talons 1, see invisible, sense surroundings
2, no regeneration
a: Heal Wounds, Minor Destruction, Renounce Religion


You were on level 9 of the Dungeon.
You worshipped Makhleb.
Makhleb was pleased with you.
You were full.

You visited 2 branches of the dungeon, and saw 10 of its levels.
You also visited: Bailey.

You collected 413 gold pieces.

Inventory:

Hand Weapons
 a - a +1 war axe (weapon)
Armour
 b - a +0 scale mail (worn)
 c - a +2 shield (worn)
 i - a +0 helmet (worn)
 j - a scarf of spirit shield (worn)
Jewellery
 q - a ring of ice (left hand)
Wands
 d - a wand of iceblast (8)
 m - a wand of enslavement (5)
 s - a wand of polymorph (5)
Scrolls
 e - 6 scrolls of remove curse
 g - 3 scrolls of teleportation
 h - 3 scrolls of identify
 k - a scroll of torment {unknown}
Potions
 l - a potion of agility
 n - a potion of magic
 o - a potion of berserk rage
 p - a potion of brilliance {unknown}
 r - a potion of flight {unknown}
 t - a potion of resistance
Comestibles
 f - 10 rations


   Skills:
 - Level 2.6 Fighting
 + Level 16.9 Axes
 - Level 3.2 Armour
 - Level 3.2 Shields


You had 9 spell levels left.
You didn't know any spells.
Your spell library contained the following spells:

 Spells                   Type           Power        Failure   Level  Hunger
 Animate Skeleton         Necr           N/A          99%         1    ##.....
 Pain                     Necr           #...         99%         1    ##.....
 Vampiric Draining        Necr           #.........   100%        3    ####...
 Animate Dead             Necr           N/A          100%        4    #####..
 Regeneration             Chrm/Necr      Unusable     N/A         3    N/A

Dungeon Overview and Level Annotations

Branches:
Dungeon (9/15)             Temple (1/1) D:7            Lair (0/6) D:9
    Orc: D:9-12

Altars:
Ashenzari
Cheibriados
Dithmenos
Elyvilon
Fedhas
Gozag
Hepliaklqana
Kikubaaqudgha
Makhleb
Nemelex Xobeh
Okawaru
Ru
Sif Muna
Trog
Uskayaw
Vehumet
Wu Jian
Xom
Yredelemnul
Zin
The Shining One

Shops:
D:5 *


Innate Abilities, Weirdness & Mutations

You are resistant to damage.
You can heal yourself by infusing magical energy.
You passively map the area around you.
You do not regenerate.
You have sharp toenails.
You have supernaturally acute eyesight. (SInv)


Message History

Where to? (Enter - D:9, ? - help)
A yak is nearby!
Unknown command.
The yak gores you.
* * * LOW HITPOINT WARNING * * *
An ogre comes into view. It is wielding a +0 giant spiked club.
Found a stone staircase leading down.
The ogre shouts!
You hit the yak. You claw the yak.
The yak is lightly wounded.
You block the yak's attack.
You completely miss the yak.
The yak is lightly wounded.
You hit the yak but do no damage.
The yak is lightly wounded.
The yak gores you but does no damage.
You closely miss the yak. You claw the yak.
The yak is lightly wounded.
The yak gores you.
You die...

P.P....#.#...... ,, *
.P.....................>
........................*
........#..............#*
.........# ........O...#
#.....#..#, #..........#
##....#..# #........#
#...##### *#...Y....#*
#..## #.##..@...#*, ##.##
* #.......#...# .##.
#####......#, #
..#######...####.#.##*
...#....#.....#...#.#
.............#..##.##
................#.##
#...........#.#..##
##.........####.##


You could see a yak and an ogre.

Vanquished Creatures
  Erica (D:8)
  Pikel (D:4)
  Maurice (D:9)
  Joseph (D:9)
  A slime creature (D:7)
  Sigmund (D:2)
  A yak (D:7)
  3 hogs
  A human (D:7)
  2 hungry ghosts
  3 porcupines (D:9)
  2 phantoms
  2 ice beasts
  2 orc warriors
  2 sky beasts
  A slave (D:4)
  5 black bears
  A necrophage (D:9)
  6 ogres
  2 crocodiles (D:9)
  A centaur (D:5)
  Blork the orc (D:4)
  3 bullfrogs
  A howler monkey (D:4)
  A bullfrog zombie (D:6)
  5 crimson imps
  A quasit (D:6)
  3 orc priests
  A hound (D:5)
  5 jellies
  8 orc wizards
  Terence (D:2)
  A bullfrog skeleton (D:8)
  A centaur skeleton (D:5)
  2 iguanas
  Natasha (twice) (D:3)
  4 worker ants
  A hound zombie (D:6)
  A howler monkey zombie (D:9)
  A worker ant zombie (D:4)
  3 gnolls (D:6)
  10 adders
  13 oozes
  An adder skeleton (D:5)
  3 worms
  A dart slug (D:2)
  4 leopard geckos
  25 orcs
  2 bats (D:2)
  3 giant cockroaches
  7 goblins
  6 hobgoblins
  4 jackals
  A quokka (D:9)
  A frilled lizard (D:4)
  A jackal zombie (D:6)
  6 kobolds
  A rat (D:1)
  3 fungi (D:9)
178 creatures vanquished.

Vanquished Creatures (others)
  A slave (D:4)
  An orc wizard (D:4)
  An orc (D:4)
  11 fungi
14 creatures vanquished.

Grand Total: 192 creatures vanquished

Notes
Turn   | Place    | Note
-------+----------+-------------------------------------------
     0 | D:1      | poirepourri the Deep Dwarf Fighter began the quest for the
                  | Orb.
     0 | D:1      | Reached XP level 1. HP: 20/20 MP: 1/1
   133 | D:2      | Reached skill level 3 in Axes
   133 | D:2      | Reached XP level 2. HP: 22/27 MP: 2/2
   154 | D:2      | Noticed Terence
   166 | D:2      | Killed Terence
   166 | D:2      | Reached skill level 4 in Axes
   166 | D:2      | Reached XP level 3. HP: 28/33 MP: 3/3
   194 | D:2      | Noticed Sigmund
   203 | D:2      | Killed Sigmund
   203 | D:2      | Reached skill level 6 in Axes
   203 | D:2      | Reached XP level 4. HP: 29/40 MP: 4/4
   203 | D:2      | Reached XP level 5. HP: 33/46 MP: 5/5
   559 | D:3      | Noticed Natasha
   573 | D:3      | Killed Natasha
   573 | D:3      | Reached skill level 7 in Axes
   573 | D:3      | Reached XP level 6. HP: 28/55 MP: 6/6
   653 | D:3      | Noticed Natasha
   660 | D:3      | Killed Natasha
   743 | D:3      | Found a blossoming altar of Fedhas.
  1118 | D:4      | Reached skill level 8 in Axes
  1161 | D:4      | Noticed a slave
  1164 | D:4      | Noticed Pikel
  1164 | D:4      | Noticed a slave
  1169 | D:4      | Noticed a slave
  1174 | D:4      | Noticed a slave
  1175 | D:4      | Gained mutation: You have sharp toenails. [potion of
                  | mutation]
  1175 | D:4      | Gained mutation: You have supernaturally acute eyesight.
                  | (SInv) [potion of mutation]
  1182 | D:4      | Reached XP level 7. HP: 34/61 MP: 7/7
  1190 | D:4      | HP: 1/61 [slave[Pikel] (3)]
  1192 | D:4      | Killed Pikel
  1192 | D:4      | Reached skill level 10 in Axes
  1201 | D:4      | Noticed Blork the orc
  1215 | D:4      | Killed Blork the orc
  1215 | D:4      | Reached XP level 8. HP: 54/68 MP: 8/8
  1681 | D:5      | Entered Level 5 of the Dungeon
  1749 | D:5      | Found a shattered altar of Ashenzari.
  1756 | D:5      | Reached skill level 11 in Axes
  1763 | D:5      | Found an ancient bone altar of Kikubaaqudgha.
  1764 | D:5      | Found a glowing silver altar of Zin.
  1765 | D:5      | Found a hazy altar of Hepliaklqana.
  1769 | D:5      | Found a basalt altar of Yredelemnul.
  1796 | D:5      | Found an opulent altar of Gozag.
  1799 | D:5      | Found Gozag's Platinum Reserve.
  2065 | D:5      | Found a sacrificial altar of Ru.
  2239 | D:6      | Found a bloodstained altar of Trog.
  2250 | D:6      | Reached skill level 12 in Axes
  2319 | D:6      | Gained mutation: You passively map the area around you.
                  | [Deep Dwarf growth]
  2319 | D:6      | Reached XP level 9. HP: 39/74 MP: 8/8
  2443 | D:6      | Reached skill level 13 in Axes
  3220 | D:7      | Found a staircase to the Ecumenical Temple.
  3231 | Temple   | Entered the Ecumenical Temple
  3322 | Temple   | Became a worshipper of Makhleb the Destroyer
  3439 | D:7      | Reached skill level 14 in Axes
  3865 | D:7      | Reached * piety under Makhleb
  3875 | D:7      | Reached skill level 15 in Axes
  3875 | D:7      | Reached XP level 10. HP: 48/81 MP: 0/6
  3967 | D:8      | Noticed Erica
  3985 | D:8      | Killed Erica
  4008 | D:8      | Found a flagged portal.
  4033 | Bailey   | Entered a bailey
  4143 | D:9      | Found a bloodstained altar of Trog.
  4144 | D:9      | Noticed Maurice
  4170 | D:9      | Killed Maurice
  4170 | D:9      | Reached skill level 16 in Axes
  4264 | D:9      | Noticed Joseph
  4269 | D:9      | Reached ** piety under Makhleb
  4302 | D:9      | Killed Joseph
  4308 | D:9      | Found a staircase to the Lair.
  4565 | D:9      | HP: 4/81 [yak (5)]
  4569 | D:9      | Slain by a yak

Vault maps used:
D:1:      nagdon_arrival_double_spiral
D:2:      kennysheep_generic_room_8, uniq_sigmund, uniq_terence
D:3:      serial_bayou_pond_a, fedhas_altar_4, uniq_robin, uniq_natasha
D:4:      first_ration, uniq_blork_the_orc, uniq_pikel, uniq_crazy_yiuf_cottage
D:5:      minitemple, nicolae_gozag_zags_fifth_avenue, nicolae_ru_awakened_eye,
          kennysheep_small_square
D:6:      trog_ov_bears_minmay
D:7:      lemuel_slime, minmay_temple_entry_gardened_gates,
          chequers_serial_rivers_small_b, grunt_livestock
D:8:      kb_forest_paths, enter_bailey_3, uniq_erica
D:9:      due_lair_maze_entry_diamond, basic_altar, uniq_joseph, uniq_maurice
Temple:   regret_index_temple_waves
Bailey:   bailey_polearm_1, bailey

Skill      XL: |  1  2  3  4  5  6  7  8  9 10 |
---------------+-------------------------------+-----
Axes           | 3 4 6 7 8 10 12 15 16 | 16.9
Fighting       | |  2.6
Armour         | |  3.2
Shields        | |  3.2

Action                   |  1- 3 |  4- 6 |  7- 9 | 10-12 || total
-------------------------+-------+-------+-------+-------++-------
Melee: War axe           |    42 |   167 |   291 |   149 ||   649
       Kick              |       |     4 |    95 |    62 ||   161
 Abil: Heal Wounds       |       |     2 |    12 |    15 ||    29
  Use: Potion            |     1 |     2 |     4 |       ||     7
       Scroll            |       |     2 |    15 |       ||    17
  Eat: Ration            |       |     1 |     5 |     2 ||     8
Armor: Scale mail        |    21 |    63 |   106 |    69 ||   259
       Skin              |       |       |     5 |       ||     5
Dodge: Dodged            |    18 |    39 |    76 |    46 ||   179
Block: Shield            |    24 |    96 |   147 |    99 ||   366

Table legend:
 A = Non-vault XP
 B = Vault XP
 C = Vault XP percentage of total XP
 D = Non-vault monster count
 E = Vault monster count
 F = Vault count percentage of total count
                 A         B        C        D         E       F
            +---------+---------+-------+---------+---------+-------
      Total |    4142 |    5780 |  58.3 |     128 |      46 |  26.4
            +---------+---------+-------+---------+---------+-------
        D:1 |      10 |       0 |   0.0 |       6 |       0 |   0.0
        D:2 |      77 |     265 |  77.5 |      15 |       2 |  11.8
        D:3 |      76 |      36 |  32.1 |      13 |       1 |   7.1
        D:4 |     371 |     667 |  64.3 |      20 |       2 |   9.1
        D:5 |     680 |      82 |  10.8 |      17 |       2 |  10.5
        D:6 |     869 |     454 |  34.3 |      22 |       3 |  12.0
        D:7 |     648 |    1304 |  66.8 |      11 |      21 |  65.6
        D:8 |     566 |     936 |  62.3 |       8 |       5 |  38.5
        D:9 |     845 |    2036 |  70.7 |      16 |      10 |  38.5
            +---------+---------+-------+---------+---------+-------
